MLB
ARIZONA DIAMONDBACKS @ SAN FRANCISCO GIANTS
08/12/2098
 
TOP OF THE 1ST
Arizona Diamondbacks batting - Pitching for San Francisco Giants : RHP Chris Martin
Pitching: RHP Chris Martin
Batting: RHB Jesse Cavallaro 0-0: Swinging Strike
0-1: Ball
1-1: Ball
2-1: Called Strike
2-2: Ball
3-2: Ground out 6-3 (Groundball, 6, EV 86.3 MPH)
Batting: SHB Jose Medina 0-0: Ball
1-0: DOUBLE (Line Drive, 89XD, EV 110.6 MPH)
Batting: LHB Mike Tinder 0-0: Called Strike
0-1: Called Strike
0-2: Ball
1-2: Strikes out swinging
Batting: LHB Mario Valdez 0-0: Ball
1-0: Ball
2-0: Swinging Strike
2-1: Fly out, F9 (Flyball, 9LM, EV 94.4 MPH)
Top of the 1st over - 0 runs, 1 hit, 0 errors, 1 left on base; Arizona 0 - San Francisco 0
BOTTOM OF THE 1ST
San Francisco Giants batting - Pitching for Arizona Diamondbacks : LHP Rafael Estrada
Pitching: LHP Rafael Estrada
Batting: RHB Erik Mulloy 0-0: Called Strike
0-1: SINGLE (Groundball, 4D, EV 103.8 MPH)
Batting: RHB Kevin Mosemann 0-0: Bunted foul
0-1: Ball
1-1: Sac Bunt to 13S - play at second, runner safe!
Batting: RHB Masataka Kato 0-0: Called Strike
0-1: Foul Ball, location: 2F
0-2: Ball
1-2: Ball
2-2: Ball
3-2: SINGLE (Line Drive, 89S, EV 107.5 MPH)
Erik Mulloy to third
Kevin Mosemann to second
Runner from 3rd tries for Home, SAFE, throw by CF to home
Batting: RHB Danny Bute 0-0: Ball
1-0: Ball
2-0: Ball
3-0: Base on Balls
Kevin Mosemann to third
Masataka Kato to second
Batting: RHB David Bishop 0-0: Ball
1-0: Called Strike
1-1: Swinging Strike
1-2: Ball
2-2: Ball
3-2: Base on Balls
Kevin Mosemann scores
Masataka Kato to third
Danny Bute to second
Batting: SHB Josh Packard 0-0: Ball
1-0: GRAND SLAM HOME RUN (Flyball, 7D, EV 100.0 MPH), Distance : 382 ft
Batting: LHB Ernesto Pelayo 0-0: Ball
1-0: Foul Ball, location: 2F
1-1: Ball
2-1: Fly out, F9 (Flyball, 89S, EV 88.1 MPH)
Batting: RHB Greg Schaefer 0-0: Foul Ball, location: 25F
0-1: Ball
1-1: Ball
2-1: Ball
3-1: Called Strike
3-2: Foul Ball, location: 2F
3-2: Ground out 6-3 (Groundball, 6, EV 83.8 MPH)
Batting: RHB Ben Presley 0-0: Swinging Strike
0-1: Called Strike
0-2: Ball
1-2: Strikes out swinging
Bottom of the 1st over - 6 runs, 3 hits, 0 errors, 0 left on base; Arizona 0 - San Francisco 6
TOP OF THE 2ND
Arizona Diamondbacks batting - Pitching for San Francisco Giants : RHP Chris Martin
Batting: SHB Macario Castro 0-0: Ball
1-0: Foul Ball, location: 25F
1-1: Fly out, F8 (Flyball, 8LD, EV 88.8 MPH)
Batting: LHB Travis Lawlor 0-0: Ball
1-0: Swinging Strike
1-1: Swinging Strike
1-2: Strikes out swinging
Batting: RHB Kevin Delmotte 0-0: Fly out, F7 (Line Drive, 7LS, EV 98.8 MPH)
Top of the 2nd over - 0 runs, 0 hits, 0 errors, 0 left on base; Arizona 0 - San Francisco 6
BOTTOM OF THE 2ND
San Francisco Giants batting - Pitching for Arizona Diamondbacks : LHP Rafael Estrada
Batting: RHB Erik Mulloy 0-0: Ground out 4-3 (Groundball, 4, EV 91.9 MPH)
Batting: RHB Kevin Mosemann 0-0: Ball
1-0: Ground out 5-3 (Groundball, 56, EV 100.0 MPH)
Batting: RHB Masataka Kato 0-0: Ground out 6-3 (Groundball, 6, EV 101.3 MPH)
Bottom of the 2nd over - 0 runs, 0 hits, 0 errors, 0 left on base; Arizona 0 - San Francisco 6
TOP OF THE 3RD
Arizona Diamondbacks batting - Pitching for San Francisco Giants : RHP Chris Martin
Batting: RHB Shawn Lindsey 0-0: Called Strike
0-1: SINGLE (Flyball, 34D, EV 90.0 MPH)
Batting: LHB Alex Castro 0-0: Ball
1-0: Ball
2-0: Foul Ball, location: 2RF
2-1: Called Strike
2-2: Ball
3-2: Grounds into double play, 5-4-3 (Groundball, 5L, EV 83.1 MPH)
Batting: RHB Jesse Cavallaro 0-0: SINGLE (Line Drive, 8LS, EV 109.4 MPH)
Batting: SHB Jose Medina 0-0: Ball
1-0: Ball
2-0: Fly out, F8 (Flyball, 8LM, EV 89.4 MPH)
Top of the 3rd over - 0 runs, 2 hits, 0 errors, 1 left on base; Arizona 0 - San Francisco 6
BOTTOM OF THE 3RD
San Francisco Giants batting - Pitching for Arizona Diamondbacks : LHP Rafael Estrada
Batting: RHB Danny Bute 0-0: Ball
1-0: Foul Ball, location: 2F
1-1: Called Strike
1-2: Foul Ball, location: 9LSF
1-2: SINGLE (Line Drive, 6MD, EV 95.0 MPH)
Batting: RHB David Bishop 0-0: Called Strike
0-1: Swinging Strike
0-2: Ball
1-2: Grounds into double play, 5-4-3 (Groundball, 5, EV 86.3 MPH)
Batting: SHB Josh Packard 0-0: Foul Ball, location: 2F
0-1: SINGLE (Line Drive, 8LS, EV 88.8 MPH)
Batting: LHB Ernesto Pelayo 0-0: Called Strike
0-1: Fly out, F7 (Line Drive, 78S, EV 93.8 MPH)
Bottom of the 3rd over - 0 runs, 2 hits, 0 errors, 1 left on base; Arizona 0 - San Francisco 6
TOP OF THE 4TH
Arizona Diamondbacks batting - Pitching for San Francisco Giants : RHP Chris Martin
Batting: LHB Mike Tinder 0-0: Ball
1-0: Ball
2-0: Called Strike
2-1: Fly out, F8 (Line Drive, 8RM, EV 104.4 MPH)
Batting: LHB Mario Valdez 0-0: Foul Ball, location: 7LDF
0-1: Called Strike
0-2: Strikes out looking
Batting: SHB Macario Castro 0-0: DOUBLE (Flyball, 78D, EV 102.5 MPH)
Batting: LHB Travis Lawlor 0-0: Ball
1-0: Foul Ball, location: 5DF
1-1: Swinging Strike
1-2: Foul Ball, location: 5FF
1-2: Fly out, F8 (Flyball, 8LM, EV 95.0 MPH)
Top of the 4th over - 0 runs, 1 hit, 0 errors, 1 left on base; Arizona 0 - San Francisco 6
BOTTOM OF THE 4TH
San Francisco Giants batting - Pitching for Arizona Diamondbacks : LHP Rafael Estrada
Batting: RHB Greg Schaefer 0-0: Ball
1-0: Foul Ball, location: 25F
1-1: Foul Ball, location: 2F
1-2: SOLO HOME RUN (Flyball, 9D, EV 98.8 MPH), Distance : 383 ft
Pitching: LHP Frank Ippolito
Batting: RHB Ben Presley 0-0: Ball
1-0: Called Strike
1-1: Ball
2-1: Ball
3-1: Base on Balls
Batting: RHB Erik Mulloy 0-0: Swinging Strike
0-1: Foul Ball, location: 3F
0-2: Foul Ball, location: 9LDF
0-2: Fly out, F3 (Popup, 23F, EV 83.8 MPH)
Batting: RHB Kevin Mosemann 0-0: Called Strike
0-1: Foul Ball, location: 25FF
0-2: Strikes out looking
Batting: RHB Masataka Kato 0-0: Ball
1-0: Called Strike
1-1: Ball
2-1: Ball
3-1: Called Strike
3-2: Strikes out swinging
Bottom of the 4th over - 1 run, 1 hit, 0 errors, 1 left on base; Arizona 0 - San Francisco 7
TOP OF THE 5TH
Arizona Diamondbacks batting - Pitching for San Francisco Giants : RHP Chris Martin
Batting: RHB Kevin Delmotte 0-0: Ball
1-0: Ball
2-0: Swinging Strike
2-1: Ball
3-1: DOUBLE (Flyball, 9LD, EV 90.6 MPH)
Batting: RHB Shawn Lindsey 0-0: Foul Ball, location: 5FF
0-1: Ball
1-1: Ball
2-1: Fly out, F5 (Popup, 25, EV 86.3 MPH)
Batting: LHB Alex Castro 0-0: Ball
1-0: Ball
2-0: Ball
3-0: Base on Balls
Batting: RHB Jesse Cavallaro 0-0: Ball
1-0: Called Strike
1-1: Called Strike
1-2: Reached on error, E6 (Groundball, 6, EV 86.3 MPH)
Kevin Delmotte to third
Alex Castro to second
Batting: SHB Jose Medina 0-0: Swinging Strike
0-1: Ball
1-1: Ball
2-1: Ball
3-1: Fly out, F2 (Popup, 5SF, EV 81.9 MPH)
Batting: LHB Mike Tinder 0-0: Called Strike
0-1: Ball
Wild Pitch!
Kevin Delmotte scores
Alex Castro to third
Jesse Cavallaro to second
1-1: Ball
2-1: Ball
3-1: Fly out, F5 (Popup, 5SF, EV 80.0 MPH)
Top of the 5th over - 1 run, 1 hit, 1 error, 2 left on base; Arizona 1 - San Francisco 7
BOTTOM OF THE 5TH
San Francisco Giants batting - Pitching for Arizona Diamondbacks : LHP Frank Ippolito
Batting: RHB Danny Bute 0-0: SINGLE (Groundball, 4, EV 86.9 MPH)
Batting: RHB David Bishop 0-0: Called Strike
0-1: Foul Ball, location: 2F
0-2: Ball
1-2: Ball
2-2: Ball
3-2: Foul Ball, location: 2F
3-2: Fly out, F9 (Flyball, 9LMF, EV 90.6 MPH)
Batting: SHB Josh Packard 0-0: Ball
1-0: Foul Ball, location: 7LSF
1-1: Foul Ball, location: 2F
1-2: Ball
2-2: Fly out, F3 (Popup, 23, EV 83.8 MPH)
Batting: LHB Ernesto Pelayo 0-0: Ball
1-0: Ball
2-0: Called Strike
2-1: Called Strike
2-2: Foul Ball, location: 5SF
2-2: Strikes out swinging
Bottom of the 5th over - 0 runs, 1 hit, 0 errors, 1 left on base; Arizona 1 - San Francisco 7
TOP OF THE 6TH
Arizona Diamondbacks batting - Pitching for San Francisco Giants : RHP Chris Martin
Batting: LHB Mario Valdez 0-0: Ball
1-0: Fly out, F8 (Flyball, 8RM, EV 91.3 MPH)
Pitching: RHP Ivan Vidales
Batting: SHB Macario Castro 0-0: Swinging Strike
0-1: Ball
1-1: Ball
2-1: Foul Ball, location: 2F
2-2: Foul Ball, location: 25F
2-2: Foul Ball, location: 2F
2-2: Foul Ball, location: 7LDF
2-2: SINGLE (Flyball, 9S, EV 99.4 MPH)
Batting: LHB Travis Lawlor 0-0: Ball
1-0: Ball
2-0: Swinging Strike
2-1: Ball
Wild Pitch!
Macario Castro to second
3-1: Base on Balls
Batting: RHB Kevin Delmotte 0-0: Ball
1-0: Ball
2-0: Foul Ball, location: 2F
2-1: Swinging Strike
2-2: Ball
3-2: Strikes out looking
Batting: RHB Shawn Lindsey 0-0: Called Strike
0-1: Ball
1-1: Ball
2-1: Swinging Strike
2-2: Fielders Choice at 2nd, 6-4 (Groundball, 6, EV 86.9 MPH)
Top of the 6th over - 0 runs, 1 hit, 0 errors, 2 left on base; Arizona 1 - San Francisco 7
BOTTOM OF THE 6TH
San Francisco Giants batting - Pitching for Arizona Diamondbacks : LHP Frank Ippolito
Pitching: LHP Mike White
Batting: RHB Greg Schaefer 0-0: Ball
1-0: Called Strike
1-1: DOUBLE (Flyball, 78XD, EV 95.6 MPH)
Batting: RHB Ben Presley 0-0: Ball
1-0: Ball
2-0: Ball
3-0: Called Strike
3-1: Called Strike
3-2: Fly out, F7 (Flyball, 78S, EV 78.1 MPH)
Batting: RHB Erik Mulloy 0-0: Fly out, F6 (Line Drive, 6, EV 63.8 MPH)
Lined into DP, 6-4 (Line Drive, 6, EV 63.8 MPH)
Bottom of the 6th over - 0 runs, 1 hit, 0 errors, 0 left on base; Arizona 1 - San Francisco 7
TOP OF THE 7TH
Arizona Diamondbacks batting - Pitching for San Francisco Giants : RHP Ivan Vidales
Batting: LHB Alex Castro 0-0: Swinging Strike
0-1: SINGLE (Line Drive, 9S, EV 90.0 MPH)
Batting: RHB Jesse Cavallaro 0-0: Ball
1-0: Called Strike
1-1: Foul Ball, location: 7LMF
1-2: Strikes out looking
Batting: SHB Jose Medina 0-0: Foul Ball, location: 7LMF
0-1: Foul Ball, location: 2LF
0-2: Foul Ball, location: 3FF
0-2: Fly out, F9 (Flyball, 89S, EV 90.6 MPH)
Batting: LHB Mike Tinder 0-0: Fielders Choice at 2nd, 6-4 (Groundball, 6, EV 108.8 MPH)
Top of the 7th over - 0 runs, 1 hit, 0 errors, 1 left on base; Arizona 1 - San Francisco 7
BOTTOM OF THE 7TH
San Francisco Giants batting - Pitching for Arizona Diamondbacks : LHP Mike White
Batting: RHB Kevin Mosemann 0-0: Fly out, F8 (Flyball, 8LM, EV 90.6 MPH)
Batting: RHB Masataka Kato 0-0: Called Strike
0-1: Ball
1-1: Called Strike
1-2: Strikes out looking
Batting: RHB Danny Bute 0-0: Ball
1-0: Called Strike
1-1: Ball
2-1: Foul Ball, location: 2F
2-2: SOLO HOME RUN (Flyball, 7LD, EV 92.5 MPH), Distance : 347 ft
Batting: RHB David Bishop 0-0: Ball
1-0: Ball
2-0: Foul Ball, location: 2F
2-1: Swinging Strike
2-2: Ball
3-2: Foul Ball, location: 2F
3-2: Foul Ball, location: 3DF
3-2: Fly out, F8 (Flyball, 8LXD, EV 105.0 MPH)
Bottom of the 7th over - 1 run, 1 hit, 0 errors, 0 left on base; Arizona 1 - San Francisco 8
TOP OF THE 8TH
Arizona Diamondbacks batting - Pitching for San Francisco Giants : RHP Ivan Vidales
Batting: LHB Mario Valdez 0-0: Called Strike
0-1: Ball
1-1: Swinging Strike
1-2: Ball
2-2: Foul Ball, location: 23FF
2-2: Foul Ball, location: 2F
2-2: Ground out 4-3 (Groundball, 4S, EV 93.8 MPH)
Batting: SHB Macario Castro 0-0: Ball
1-0: Ball
2-0: Called Strike
2-1: Ball
3-1: Fly out, F9 (Flyball, 8RM, EV 98.1 MPH)
Batting: LHB Travis Lawlor 0-0: Fly out, F8 (Flyball, 78M, EV 81.3 MPH)
Top of the 8th over - 0 runs, 0 hits, 0 errors, 0 left on base; Arizona 1 - San Francisco 8
BOTTOM OF THE 8TH
San Francisco Giants batting - Pitching for Arizona Diamondbacks : LHP Mike White
Pitching: LHP Chris Schoch
Batting: SHB Josh Packard 0-0: Ball
1-0: Ball
2-0: Fly out, F9 (Flyball, 9LS, EV 77.5 MPH)
Batting: LHB Ernesto Pelayo 0-0: Ball
1-0: Called Strike
1-1: SINGLE (Groundball, 6, EV 102.5 MPH) (infield hit)
Batting: RHB Greg Schaefer 0-0: Called Strike
0-1: Ball
1-1: Ball
2-1: Grounds into double play, 6-4-3 (Groundball, 56, EV 89.4 MPH)
Bottom of the 8th over - 0 runs, 1 hit, 0 errors, 0 left on base; Arizona 1 - San Francisco 8
TOP OF THE 9TH
Arizona Diamondbacks batting - Pitching for San Francisco Giants : RHP Ivan Vidales
Pitching: RHP Adam Newman
Batting: RHB Kevin Delmotte 0-0: Called Strike
0-1: Ball
1-1: Ball
2-1: Foul Ball, location: 2F
2-2: Fly out, F8 (Line Drive, 78M, EV 91.3 MPH)
Batting: RHB Shawn Lindsey 0-0: Ball
1-0: Foul Ball, location: 3FF
1-1: Swinging Strike
1-2: Strikes out swinging
Batting: LHB Alex Castro 0-0: Called Strike
0-1: Ground out U3 (Groundball, 34S, EV 77.5 MPH)
Top of the 9th over - 0 runs, 0 hits, 0 errors, 0 left on base; Arizona 1 - San Francisco 8
Friday, April 12th , 2024 - OOTP Baseball 24.11 Build 85